 Dungeon Crawl Stone Soup version 0.20.1-1-g8b1a95d (webtiles) character file.

29 lysyklops the Ruffian (level 3, 0/28 HPs)
             Began as a Draconian Transmuter on Nov 4, 2017.
             Succumbed to an adder's poison
             ... on level 2 of the Dungeon on Nov 5, 2017.
             The game lasted 00:16:13 (1066 turns).

lysyklops the Ruffian (Draconian Transmuter)        Turns: 1066, Time: 00:16:14

Health: 0/28       AC:  5    Str: 13    XL:     3   Next: 1%
Magic:  6/6        EV: 12    Int: 18    God:
Gold:   77         SH:  0    Dex: 11    Spells: 3/6 levels left

rFire    . . .     SeeInvis .   g - +0 whip
rCold    . . .     Gourm    .   (no shield)
rNeg     . . .     Faith    .   (armour unavailable)
rPois    .         Spirit   .   (helmet restricted)
rElec    .         Reflect  .   (no cloak)
rCorr    .         Harm     .   (no gloves)
MR       .....                  (no boots)
Stlth    +.........             (no amulet)
Regen    0.1/turn               f - ring of flight
MPRegen  0.1/turn               (no ring)

@: brilliant, lethally poisoned (0 -> -10)
A: unfitting armour, cold-blooded, AC +5
a: Evoke Flight


You were on level 2 of the Dungeon.
You were hungry.

You visited 1 branch of the dungeon, and saw 2 of its levels.

You collected 77 gold pieces.

Inventory:

Hand Weapons
 e - a +0 club
 g - a +0 whip (weapon)
 h - a +0 hand axe of chopping
 i - a +0 club
 j - a +0 dagger
 l - a +0 club
 o - a +2 dagger of venom
Missiles
 a - 71 arrows
 m - 47 stones (quivered)
Armour
 r - a +0 scale mail
Jewellery
 f - a ring of flight (left hand)
Scrolls
 d - a scroll of identify
Potions
 n - a potion of magic
Books
 b - a book of Changes

   Spells                             Type                      Level
   a - Beastly Appendage              Transmutation                1
   b - Sticks to Snakes               Transmutation                2
   c - Spider Form                    Transmutation/Poison         3
   d - Ice Form                       Ice/Transmutation            4
   e - Blade Hands                    Transmutation                5
Comestibles
 c - 2 bread rations
 k - 2 royal jellies
 p - 5 chunks of flesh


   Skills:
 + Level 1.1 Fighting
 + Level 0.6 Maces & Flails
 + Level 2.0 Dodging
 + Level 0.4 Stealth
 + Level 3.3 Unarmed Combat
 + Level 2.2 Spellcasting
 + Level 2.4 Transmutations


You had 3 spell levels left.
You knew the following spells:

 Your Spells              Type           Power        Failure   Level  Hunger
a - Beastly Appendage     Tmut           ###...       1%          1    #......
b - Sticks to Snakes      Tmut           ###.....     1%          2    ##.....


Dungeon Overview and Level Annotations

Branches:
Dungeon (2/15)

Altars:


Innate Abilities, Weirdness & Mutations

Your plain brown scales are hard. (AC +5)
You cannot fit into any form of body armour.
You are cold-blooded and may be slowed by cold attacks.


Message History

The adder is heavily wounded.
You feel sick. The adder bites you.
* * * LOW HITPOINT WARNING * * *
The adder bites you.
* * * LOW HITPOINT WARNING * * *
You are more poisoned.
The adder poisons you!
It was a potion of brilliance.
You feel clever all of a sudden.
* * * LOW HITPOINT WARNING * * *
You feel sick. The adder misses you.
You hit the adder.
Your tail-slap misses the adder.
The adder is severely wounded.
* * * LOW HITPOINT WARNING * * *
You feel sick. The adder bites you but does no damage.
You barely miss the adder.
The adder is severely wounded.
* * * LOW HITPOINT WARNING * * *
You feel sick. The adder closely misses you. The adder misses you.
You die...

.........# ..##.....#
>........#
####.....#############
#.....รท............
##..#.#..##..######
#..#.##.##..# ###
#..$..).##..####.....
#.##.##.....@.S..#
#..#.#...#..######
...#..#... #. #.....##
......# <......#
#.....:.# .###...


You could see an adder.

Vanquished Creatures
  An ooze (D:2)
  2 dart slugs (D:2)
  A leopard gecko (D:1)
  A ball python (D:1)
  2 giant cockroaches
  3 hobgoblins
  3 bats
  5 goblins
18 creatures vanquished.

Notes
Turn   | Place    | Note
-------+----------+-------------------------------------------
     0 | D:1      | lysyklops the Draconian Transmuter began the quest for the Orb.
     0 | D:1      | Reached XP level 1. HP: 16/16 MP: 3/3
   350 | D:1      | Reached XP level 2. HP: 23/23 MP: 5/5
   855 | D:2      | Learned a level 2 spell: Sticks to Snakes
  1015 | D:2      | Reached XP level 3. HP: 24/28 MP: 4/6
  1065 | D:2      | HP: 1/28 [poisoned by an adder]
  1066 | D:2      | Succumbed to an adder's poison

Skill      XL: |  1  2 |
---------------+-------+-----
Dodging        | 2 |  2.0
Fighting       | |  1.1
Maces & Flails | |  0.6
Stealth        | |  0.4
Unarmed Combat | |  3.3
Spellcasting   | |  2.2
Transmutations | |  2.4

Action                   || total
-------------------------++-------
Melee: Whip              ||    63
       Unarmed           ||     3
       Tailslap          ||     6
       Headbutt          ||     2
       Kick              ||     1
 Cast: Beastly Appendage ||     4
  Use: Scroll            ||     4
       Potion            ||     1
 Stab: Sleeping          ||     3
Armor: Skin              ||    18
Dodge: Dodged            ||    45
